 Dungeon Crawl Stone Soup version 0.26.0-3-g156281e41b (webtiles) character file.

Game seed: 4856993856288750578

2135 Froggeryz the Ducker (level 9, -4/69 HPs)
             Began as a Gnoll Gladiator on Jan 9, 2021.
             Was an Initiate of Okawaru.
             Slain by a killer bee (8 damage)
             ... on level 7 of the Dungeon.
             The game lasted 00:07:07 (7548 turns).

Froggeryz the Ducker (Gnoll Gladiator)              Turns: 7548, Time: 00:07:07

Health: -4/69      AC:  8    Str: 16 (19) XL:     9   Next: 30%
Magic:  15/15      EV: 15    Int:  8 (11) God:    Okawaru [......]
Gold:   456        SH:  5    Dex: 15 (17) Spells: 16/16 levels left

rFire    . . .     SeeInvis .   a - +0 flail
rCold    . . .     Faith    .   (no shield)
rNeg     . . .     Spirit   .   r - +0 ring mail
rPois    .         Reflect  +   c - +0 helmet
rElec    .         Harm     .   l - +0 cloak
rCorr    .         Rampage  .   (no gloves)
Will     .....                  (no boots)
Stlth    ++........             g - amulet of reflection
HPRegen  0.21/turn              (no ring)
MPRegen  0.14/turn              (no ring)

@: lethally poisoned (-4 -> -5), invisible
A: distributed training, fangs 1, strong nose
a: Renounce Religion


You were on level 7 of the Dungeon.
You worshipped Okawaru.
Okawaru was noncommittal.
You visited 2 branches of the dungeon, and saw 8 of its levels.

You collected 456 gold pieces.

Inventory:

Hand Weapons
 a - a +0 flail (weapon)
Missiles
 d - 2 throwing nets (quivered)
 o - 12 poisoned darts
 s - 6 curare-tipped darts
 w - 2 javelins
Armour
 c - a +0 helmet (worn)
 l - a +0 cloak (worn)
 r - a +0 ring mail (worn)
Jewellery
 g - an amulet of reflection (around neck)
Wands
 x - a wand of flame (25)
Scrolls
 e - 6 scrolls of identify {unknown}
 i - a scroll of amnesia {unknown}
 j - 6 scrolls of remove curse {unknown}
 k - a scroll of fog {unknown}
 p - a scroll of random uselessness {unknown}
 q - a scroll of enchant armour {unknown}
 u - a scroll of enchant weapon {unknown}
 v - a scroll of immolation {unknown}
Potions
 b - a potion of degeneration
 f - a potion of invisibility
 h - a potion of brilliance {unknown}
 m - a potion of heal wounds {unknown}
 n - a potion of lignification {unknown}
 t - a potion of haste {unknown}


   Skills:
 + Level 6.2 Fighting
 + Level 4.1 Short Blades
 + Level 4.1 Long Blades
 + Level 4.1 Axes
 + Level 7.8 Maces & Flails
 + Level 4.1 Polearms
 + Level 4.1 Staves
 + Level 4.1 Slings
 + Level 4.1 Bows
 + Level 4.1 Crossbows
 + Level 6.2 Throwing
 + Level 4.1 Armour
 + Level 7.8 Dodging
 + Level 4.1 Stealth
 + Level 4.1 Shields
 + Level 4.1 Unarmed Combat
 + Level 4.1 Spellcasting
 + Level 3.3 Conjurations
 + Level 3.3 Hexes
 + Level 3.3 Summonings
 + Level 3.3 Necromancy
 + Level 3.3 Translocations
 + Level 3.3 Transmutations
 + Level 3.3 Fire Magic
 + Level 3.3 Ice Magic
 + Level 3.3 Air Magic
 + Level 3.3 Earth Magic
 + Level 3.3 Poison Magic
 + Level 4.5 Invocations
 + Level 4.1 Evocations


You had 16 spell levels left.
You didn't know any spells.
Your spell library was empty.

Dungeon Overview and Level Annotations

Branches:
Dungeon (7/15)             Temple (1/1) D:6

Altars:
Ashenzari
Cheibriados
Dithmenos
Fedhas
Gozag
Hepliaklqana
Kikubaaqudgha
Makhleb
Nemelex Xobeh
Okawaru
Qazlal
Ru
Sif Muna
Trog
Uskayaw
Vehumet
Wu Jian
Xom
Yredelemnul
Zin
The Shining One

Shops:
D:6 }


Innate Abilities, Weirdness & Mutations

Your experience applies equally to all skills.
You have very sharp teeth.
Your uncanny sense of smell can sniff out nearby items.


Message History

The killer bee stings you but does no damage.
You barely miss the killer bee.
The killer bee is almost dead.
You block the killer bee's attack. The killer bee misses you.
The ice beast hits you but does no damage.
You feel sick. You block the killer bee's attack.
You block the killer bee's attack.
An ogre comes into view. It is wielding a +0 giant club.
You feel sick. The killer bee stings you.
* * * LOW HITPOINT WARNING * * *
The killer bee closely misses you.
It was a potion of degeneration.
There was something very wrong with that liquid.
You feel weakened.
You feel dopey.
You feel clumsy. The killer bee barely misses you.
The killer bee stings you but does no damage.
It was a potion of invisibility.
You fade into invisibility!
You feel sick. The killer bee barely misses you. The killer bee stings you!
You die...

.##. .... ..# #
....###... ..##.
#....#..# .... .
.#$......# ..###..
.........##.......
........)...O.....
####B..#.<......#
##.##.ZY##........
........#@.##.....
...##..Yy..# ....
.. ##.##..# ... #
## ...... ..
#....... .
##...... ##....
.... ∆ ...


You could see an ice beast, an ogre (wandering) and a killer bee.

Vanquished Creatures
  An ice beast (D:2)
  An orc warrior (D:5)
  A phantom (D:5)
  3 ogres
  2 centaurs
  4 big kobolds (D:5)
  A bullfrog (D:7)
  A scorpion (D:6)
  4 howler monkeys
  A centaur zombie (D:6)
  6 hounds
  2 orc priests
  A centaur skeleton (D:6)
  4 orc wizards
  3 iguanas
  6 worker ants
  7 gnolls
  6 adders
  2 white imps
  An ooze (D:2)
  An adder skeleton (D:6)
  3 worms
  4 dart slugs
  4 leopard geckos
  20 orcs
  3 ball pythons
  6 giant cockroaches
  6 goblins
  7 hobgoblins
  2 jackals (D:1)
  2 quokkas
  6 bats
  7 frilled lizards
  49 kobolds
  6 rats
183 creatures vanquished.

Vanquished Creatures (others)
  A rat (D:3)
  A plant (D:5)
2 creatures vanquished.

Grand Total: 185 creatures vanquished

Notes
Turn   | Place    | Note
-------+----------+-------------------------------------------
     0 | D:1      | Froggeryz the Gnoll Gladiator began the quest for the Orb.
     0 | D:1      | Reached XP level 1. HP: 20/20 MP: 1/1
    98 | D:1      | Reached XP level 2. HP: 19/26 MP: 2/2
   790 | D:1      | Reached XP level 3. HP: 30/31 MP: 3/3
  1003 | D:2      | Reached skill level 1 in Invocations
  1161 | D:2      | Reached skill level 1 in Short Blades
  1161 | D:2      | Reached skill level 1 in Long Blades
  1161 | D:2      | Reached skill level 1 in Axes
  1161 | D:2      | Reached skill level 1 in Polearms
  1161 | D:2      | Reached skill level 1 in Staves
  1161 | D:2      | Reached skill level 1 in Slings
  1161 | D:2      | Reached skill level 1 in Bows
  1161 | D:2      | Reached skill level 1 in Crossbows
  1161 | D:2      | Reached skill level 1 in Armour
  1161 | D:2      | Reached skill level 1 in Stealth
  1161 | D:2      | Reached skill level 1 in Shields
  1161 | D:2      | Reached skill level 1 in Unarmed Combat
  1161 | D:2      | Reached skill level 1 in Spellcasting
  1161 | D:2      | Reached skill level 1 in Evocations
  1389 | D:2      | Reached XP level 4. HP: 38/38 MP: 5/5
  1818 | D:3      | Reached skill level 1 in Conjurations
  1818 | D:3      | Reached skill level 1 in Hexes
  1818 | D:3      | Reached skill level 1 in Summonings
  1818 | D:3      | Reached skill level 1 in Necromancy
  1818 | D:3      | Reached skill level 1 in Translocations
  1818 | D:3      | Reached skill level 1 in Transmutations
  1818 | D:3      | Reached skill level 1 in Fire Magic
  1818 | D:3      | Reached skill level 1 in Ice Magic
  1818 | D:3      | Reached skill level 1 in Air Magic
  1818 | D:3      | Reached skill level 1 in Earth Magic
  1818 | D:3      | Reached skill level 1 in Poison Magic
  2122 | D:3      | Noticed an ice beast
  2179 | D:2      | Killed an ice beast
  2180 | D:2      | Reached XP level 5. HP: 43/43 MP: 5/7
  2383 | D:2      | Reached XP level 6. HP: 44/50 MP: 8/8
  2960 | D:4      | Reached skill level 5 in Fighting
  2960 | D:4      | Reached skill level 5 in Throwing
  3302 | D:4      | Reached XP level 7. HP: 56/56 MP: 10/10
  3772 | D:5      | Entered Level 5 of the Dungeon
  4436 | D:5      | Reached XP level 8. HP: 62/63 MP: 12/12
  6014 | D:6      | Found Iviareh's Gadget Shop.
  6474 | D:5      | Reached XP level 9. HP: 34/69 MP: 14/14
  6702 | D:6      | Found a staircase to the Ecumenical Temple.
  6724 | Temple   | Entered the Ecumenical Temple
  6848 | Temple   | Became a worshipper of Warmaster Okawaru
  7548 | D:7      | Slain by a killer bee

Illustrated notes

Levels and vault maps discovered:
D:1:      wheals_arrival_linesprint, layout_loops_cross
D:2:      layout_basic
D:3:      layout_rooms
D:4:      layout_basic, hangedman_decor_lopped, minmay_misc_feat_rugged
D:5:      minmay_goblin_kobold_castle, layout_loops_cross, serial_bayou_pond_d
D:6:      layout_basic, minmay_temple_entry_large_hall, serial_shops,
          nicolae_shop_stone
D:7:      layout_cave_pools, evilmike_ruin_ashenzari, uniq_crazy_yiuf_cottage
Temple:   compressed_dpeg_circular_temple

Skill      XL: |  1  2  3  4  5  6  7  8  9 |
---------------+----------------------------+-----
Invocations    | 1 2 3 4 |  4.5
Short Blades   | 1 2 3 4 |  4.1
Long Blades    | 1 2 3 4 |  4.1
Axes           | 1 2 3 4 |  4.1
Polearms       | 1 2 3 4 |  4.1
Staves         | 1 2 3 4 |  4.1
Slings         | 1 2 3 4 |  4.1
Bows           | 1 2 3 4 |  4.1
Crossbows      | 1 2 3 4 |  4.1
Armour         | 1 2 3 4 |  4.1
Stealth        | 1 2 3 4 |  4.1
Shields        | 1 2 3 4 |  4.1
Unarmed Combat | 1 2 3 4 |  4.1
Spellcasting   | 1 2 3 4 |  4.1
Evocations     | 1 2 3 4 |  4.1
Conjurations   | 1 2 3 |  3.3
Hexes          | 1 2 3 |  3.3
Summonings     | 1 2 3 |  3.3
Necromancy     | 1 2 3 |  3.3
Translocations | 1 2 3 |  3.3
Transmutations | 1 2 3 |  3.3
Fire Magic     | 1 2 3 |  3.3
Ice Magic      | 1 2 3 |  3.3
Air Magic      | 1 2 3 |  3.3
Earth Magic    | 1 2 3 |  3.3
Poison Magic   | 1 2 3 |  3.3
Fighting       | 5 6 |  6.2
Throwing       | 5 6 |  6.2
Maces & Flails | 7 |  7.8
Dodging        | 7 |  7.8

Action                   |  1- 3 |  4- 6 |  7- 9 || total
-------------------------+-------+-------+-------++-------
Melee: Flail             |   104 |    94 |   458 ||   656
       Bite              |     7 |     6 |    53 ||    66
       Punch             |       |       |     9 ||     9
Throw: Dart              |       |     4 |       ||     4
       Throwing net      |       |       |     1 ||     1
  Use: Potion            |       |       |     2 ||     2
 Stab: Sleeping          |     4 |     3 |     3 ||    10
       Held in net/web   |       |       |     1 ||     1
Armor: Leather armour    |    17 |    21 |    15 ||    53
       Ring mail         |       |       |   125 ||   125
Dodge: Dodged            |    88 |    91 |   443 ||   622
Block: Other             |       |       |   125 ||   125
       Reflection        |       |       |     8 ||     8
